 Dungeon Crawl Stone Soup version 0.28-a0-1347-g113dc556a4 (webtiles) character file.

Game seed: 13223859723521536210

2326 vivovinco the Grasshopper (level 9, -10/44 HPs)
             Began as a Spriggan Warper on Dec 30, 2021.
             Mangled by an ogre (31 damage)
             ... on level 6 of the Dungeon.
             The game lasted 00:46:52 (7803 turns).

vivovinco the Grasshopper (Spriggan Warper)         Turns: 7803, Time: 00:46:53

Health: -10/44     AC:  3    Str:  7    XL:     9   Next: 19%
Magic:  5/18       EV: 21    Int: 19    God:
Gold:   219        SH:  9    Dex: 20    Spells: 10/18 levels left

rFire   . . .      SeeInvis +   a - +1 short sword
rCold   + . .      Faith    .   h - +2 buckler of Umebliz {rC+ Will+ Regen+}
rNeg    . . .      Spirit   .   b - +1 robe
rPois   .          Reflect  .   (helmet restricted)
rElec   .          Harm     .   (no cloak)
rCorr   .          Rampage  .   (gloves unavailable)
Will    ++...                   (boots unavailable)
Stlth   ++++......              (no amulet)
HPRegen 0.94/turn               e - +6 ring of dexterity
MPRegen 0.16/turn               (no ring)

@: very quick
A: very small, no large weapons, unfitting armour, see invisible, speed 3
a: no special abilities


You were on level 6 of the Dungeon.
You visited 1 branch of the dungeon, and saw 7 of its levels.

You collected 219 gold pieces.

Inventory:

Hand Weapons
 a - a +1 short sword (weapon)
Missiles
 i - 99 stones (quivered)
 k - 6 poisoned darts
Armour
 b - a +1 robe (worn)
 h - the +2 buckler of Umebliz (worn) {rC+ Will+ Regen+}
   (You acquired it on level 2 of the Dungeon)

   rC:        It protects you from cold.
   Regen:     It increases your rate of health regeneration.
   Will:      It increases your willpower.
Jewellery
 e - a +6 ring of dexterity (left hand)
Wands
 d - a wand of iceblast (10)
Scrolls
 g - 3 scrolls of teleportation
 n - a scroll of amnesia
 o - a scroll of fog {unknown}
Potions
 c - a potion of flight
 f - a potion of brilliance {unknown}
 j - a potion of mutation {unknown}
 l - a potion of lignification {unknown}
 m - a potion of haste {unknown}
 p - a potion of invisibility {unknown}


   Skills:
 + Level 3.0 Fighting
 + Level 5.9 Short Blades
 + Level 4.5 Throwing
 + Level 6.5 Dodging
 * Level 7.4 Stealth
 + Level 2.8 Shields
 + Level 5.3 Spellcasting
 + Level 7.7 Translocations


You had 10 spell levels left.
You knew the following spells:

 Your Spells              Type           Power      Damage    Failure   Level
a - Blink                 Tloc           68%        N/A       1%          2
b - Teleport Other        Tloc           34%        N/A       1%          3
c - Gell's Gravitas       Tloc           34%        N/A       1%          3

Your spell library contained the following spells:

 Spells                   Type           Power      Damage    Failure   Level
 Lesser Beckoning         Tloc           34%        N/A       1%          3
 Manifold Assault         Tloc           34%        N/A       19%         5


Dungeon Overview and Level Annotations

Branches:
Dungeon (7/15)             Temple (0/1) D:6

Altars:
Yredelemnul

Shops:
D:4 ?


Innate Abilities, Weirdness & Mutations

You are very small and have problems with some larger weapons.
You are too small for most types of armour.
You have supernaturally acute eyesight. (SInv)
You cover ground extremely quickly. (Speed+++)


Message History

You hit the centaur zombie.
The centaur zombie is heavily damaged.
The centaur zombie hits you but does no damage.
You block the centaur zombie's attack. x2; The centaur zombie misses you.
You hit the centaur zombie.
The centaur zombie is severely damaged.
The ogre hits you with a +0 giant club! The centaur zombie hits you.
The centaur zombie kicks you.
You hit the centaur zombie.
The centaur zombie is severely damaged.
You block the centaur zombie's attack. The centaur zombie closely misses you.
The ogre misses you.
You hit the centaur zombie.
The centaur zombie is severely damaged.
The centaur zombie hits you but does no damage.
The centaur zombie closely misses you.
You hit the centaur zombie but do no damage.
The centaur zombie is severely damaged.
The centaur zombie closely misses you. You block the centaur zombie's attack.
You block the ogre's attack.
You hit the centaur zombie.
The centaur zombie is almost destroyed.
You block the centaur zombie's attack.
The centaur zombie completely misses you.
The ogre misses you.
You hit the centaur zombie.
You destroy the centaur zombie!
You hit the ogre.
The ogre is lightly wounded.
You block the ogre's attack.
You hit the ogre.
The ogre is lightly wounded.
You hit the ogre.
The ogre is moderately wounded.
The ogre hits you with a +0 giant club!!
You hit the ogre.
The ogre is heavily wounded.
The ogre hits you with a +0 giant club!!
Ouch! That really hurt!
You die...

*,,,,,,*,,,,,,*+****,,**,**
*,,..,,#......+,,,,,,,,,,,,
*,,...,#......#,,,,,,,,,,,,
*,,....#.....>#,,,,,,,,,,,,
*,,,,..#......#,,,,,,,**,,,
*,,,,,.>......#,,,,,,,**,,,
*,,,,,,#......#,,,,,,,**,,,
*,,,,,,#.))...#,,,,,,,,,,,,
*,,,,,,#..@...#,,,,,,,,,,,,
*,,,,,,#..O...#,,,,,,,,,,,,
*,,,,,,#......#,,,,,,,,,,,,
*,,,,,,#[.....#############
*,,,,,,#...................
*,,,,,,###'###.............
*,,,,,,,....,#.............
*,,,,,......,#.............
*,,,,,.....,,#.............


You could see an ogre.

Vanquished Creatures
  A two-headed ogre (D:5)
  Duvessa (D:4)
  A water moccasin (D:6)
  3 black bears (D:5)
  An ice beast (D:5)
  A sky beast (D:3)
  2 ogres (D:4)
  2 phantoms
  A gnoll sergeant (D:3)
  Dowan (D:4)
  A bullfrog zombie (D:5)
  A centaur zombie (D:6)
  2 orc priests (D:6)
  4 hounds
  3 iguanas
  2 orc wizards
  A killer bee zombie (D:6)
  A howler monkey zombie (D:6)
  3 adders
  10 gnolls
  2 howler monkey skeletons
  2 ufetubi
  2 worms (D:2)
  3 dart slugs
  14 orcs
  9 ball pythons
  6 endoplasms
  3 giant cockroaches
  A goblin (D:4)
  4 hobgoblins
  6 quokkas
  6 bats
  3 frilled lizards
  4 kobolds
  3 rats
110 creatures vanquished.

Notes
Turn   | Place    | Note
-------+----------+-------------------------------------------
     0 | D:1      | vivovinco the Spriggan Warper began the quest for the Orb.
     0 | D:1      | Reached XP level 1. HP: 10/10 MP: 5/5
  1126 | D:1      | Reached XP level 2. HP: 12/15 MP: 6/6
  1725 | D:2      | Learned a level 2 spell: Blink
  1726 | D:2      | Identified a scroll of acquirement
  1726 | D:2      | Acquired the +2 buckler of Umebliz {rC+ Will+ Regen+}
  1828 | D:2      | Reached XP level 3. HP: 13/18 MP: 8/8
  1864 | D:3      | Noticed a gnoll sergeant
  2006 | D:2      | Learned a level 3 spell: Teleport Other
  2282 | D:2      | Reached XP level 4. HP: 23/23 MP: 9/9
  2476 | D:2      | Learned a level 3 spell: Gell's Gravitas
  2746 | D:3      | Noticed a sky beast
  3217 | D:3      | Reached skill level 1 in Stealth
  3304 | D:3      | Reached skill level 1 in Shields
  3392 | D:3      | Found a faded altar of an unknown god.
  3480 | D:3      | Reached XP level 5. HP: 26/26 MP: 7/10
  3840 | D:4      | Noticed a phantom
  3891 | D:3      | Killed a sky beast
  3892 | D:3      | Reached skill level 5 in Translocations
  4035 | D:3      | HP: 1/26 [poisoned by a gnoll sergeant]
  4045 | D:3      | Reached XP level 6. HP: 7/30 MP: 8/11
  4219 | D:4      | Found Ediec's Magic Scroll Shoppe.
  4754 | D:4      | Noticed Duvessa
  4759 | D:4      | Noticed Dowan
  4769 | D:4      | Reached skill level 5 in Dodging
  4828 | D:3      | Reached XP level 7. HP: 35/35 MP: 13/13
  5009 | D:4      | Killed Dowan
  5047 | D:5      | Entered Level 5 of the Dungeon
  5534 | D:4      | Killed Duvessa
  5951 | D:5      | Reached skill level 5 in Stealth
  6051 | D:5      | Noticed a two-headed ogre
  6278 | D:5      | Reached skill level 5 in Short Blades
  6278 | D:5      | Reached XP level 8. HP: 39/39 MP: 15/15
  6366 | D:5      | Killed a two-headed ogre
  6577 | D:5      | Reached skill level 5 in Spellcasting
  7241 | D:6      | Reached XP level 9. HP: 43/43 MP: 17/17
  7243 | D:6      | Found a basalt altar of Yredelemnul.
  7769 | D:6      | Found a staircase to the Ecumenical Temple.
  7803 | D:6      | Mangled by an ogre

Illustrated notes

Levels and vault maps discovered:
D:1:      saegor_arrival_miasma, layout_basic, minmay_misc_feat_hallway
D:2:      layout_loops_ring
D:3:      layout_basic, ebering_ecumenical_altar_box, grunt_ministairs_12,
          st_stairs_9, nicolae_figureground_sparkle
D:4:      layout_rooms, serial_shops, shop, palyth_stone_intersect, uniq_duvessa
D:5:      layout_loops_ring, small_statue_intersection, due_unseen_surprise
D:6:      layout_gridville, kennysheep_mini_moat,
          minmay_temple_entry_proselytizer, nicolae_shop_self_help
D:7:      layout_cave_pools, serial_shops, nicolae_inconvenience_store,
          dk_rats_in_the_wall

Skill      XL: |  1  2  3  4  5  6  7  8  9 |
---------------+----------------------------+-----
Dodging        | 4 5 6 |  6.5
Short Blades   | 3 4 5 |  5.9
Stealth        | 1 2 3 5 7 |  7.4
Shields        | 1 2 |  2.8
Spellcasting   | 3 4 5 |  5.3
Throwing       | 2 3 4 |  4.5
Fighting       | 2 3 |  3.0
Translocations | 5 7 |  7.7

Action                   |  1- 3 |  4- 6 |  7- 9 || total
-------------------------+-------+-------+-------++-------
Melee: Short sword       |   134 |   315 |   356 ||   805
       Dagger            |    67 |       |       ||    67
Throw: Stone             |    29 |    58 |    33 ||   120
       Dart              |       |    50 |    39 ||    89
       Boomerang         |       |       |     5 ||     5
 Cast: Blink             |     4 |     5 |    39 ||    48
       Teleport Other    |       |    12 |    11 ||    23
       Gell's Gravitas   |       |       |     7 ||     7
  Use: Scroll            |     3 |     5 |     3 ||    11
       Potion            |     2 |     1 |       ||     3
 Stab: Distracted        |     1 |       |     1 ||     2
       Sleeping          |     2 |     6 |     5 ||    13
Armor: Robe              |    16 |    21 |    26 ||    63
Dodge: Dodged            |   110 |   188 |   232 ||   530
Block: Buckler           |    39 |   111 |   157 ||   307

Table legend: (Time is in decaauts)
 A = Elapsed time spent in this place.
 B = Non-inter-level travel time spent in this place.
 C = Inter-level travel time spent in this place.
 D = Time resting spent in this place.
 E = Time spent auto-exploring this place.
 F = Levels seen in this place.
 G = Mean time per level.
                   A        B        C        D        E       F      G
               +--------+--------+--------+--------+--------+-----+--------+
         Total |   5825 |   5592 |    233 |    645 |   2491 |   7 |  832.1 |
       Dungeon |   5825 |   5592 |    233 |    645 |   2491 |   7 |  832.1 |
               +--------+--------+--------+--------+--------+-----+--------+

Top non-repeatable levels by time:
     D:3: 1250 daAuts
     D:1: 1223 daAuts
     D:4: 1056 daAuts
     D:5: 1056 daAuts
     D:2: 763 daAuts
     D:6: 470 daAuts
     D:7: 4 daAuts
